 Dungeon Sprint DCSS version 0.17-a0-1184-gb75be8f (webtiles) character file.

5099 Kidiri the Unseen (level 10, -9/57 HPs)
             Began as a Spriggan Assassin on June 2, 2015.
             Was the Champion of Dithmenos.
             Mangled by a hornet (10 damage)
             ... while paralysed by a hornet
             ... in the Dungeon (Sprint VII: "The Pits").
             The game lasted 00:20:55 (2765 turns).

Kidiri the Unseen (Spriggan Assassin)               Turns: 2765, Time: 00:20:55

Health: -9/57      AC:  5    Str:  7    XL:     10   Next: 32%
Magic:  14/14      EV:  4    Int: 13    God:    Dithmenos [******]
Gold:   0          SH:  0    Dex: 21    Spells: 0 memorised, 9 levels left

rFire  . . .     SeeInvis +     s - +2 dagger (elec)
rCold  . . .     Clarity  .     a - +2 robe {MR+}
rNeg   . . .     SustAt   .     (shield restricted)
rPois  .         Gourm    .     (helmet restricted)
rElec  .         Spirit   .     d - +0 cloak
rCorr  .         Warding  .     (gloves unavailable)
rMut   .         NoTele   +     (boots unavailable)
MR     ++...                    (no amulet)
Stlth  ++++++++++               u - +3 ring of evasion
                                t - +3 ring of evasion

@: paralysed, lethally poisoned (-9 -> -59), wreathed by umbra, very quick, very
resistant to hostile enchantments, uncannily stealthy
A: unfitting armour, see invisible, herbivore 3, speed 3, slow metabolism 2
a: Shadow Step, Shadow Form, Renounce Religion


You were in the Dungeon.
You worshipped Dithmenos.
Dithmenos was exalted by your worship.
You were not hungry.

You visited 1 branch

Inventory:

Hand weapons
 b - a +0 blowgun
 s - a +2 dagger of electrocution (weapon)
 y - a +2 rapier of venom
Missiles
 e - a poisoned needle
 f - 2 curare-tipped needles
Armour
 a - a +2 robe of magic resistance (worn)
 c - a +0 robe
 d - a +0 cloak (worn)
Jewellery
 t - a +3 ring of evasion (left hand)
 u - a +3 ring of evasion (right hand)
Scrolls
 m - a scroll of blinking
 p - 3 scrolls of remove curse
 q - 5 scrolls of amnesia
 r - a scroll of summoning
Potions
 h - 8 potions of curing
 i - 3 potions of heal wounds
 j - 2 potions of haste
 k - 4 potions of magic
 l - 3 potions of berserk rage
 o - 2 potions of invisibility
 v - a potion of brilliance
 w - a potion of cure mutation
 x - a potion of agility
 z - a potion of might
Comestibles
 g - 8 bread rations
 n - 40 fruits


   Skills:
 * Level 8.9 Fighting
 * Level 11.2 Short Blades
 * Level 11.3 Throwing
 + Level 5.6 Armour
 * Level 14.2 Dodging
 * Level 16.1 Stealth
 + Level 5.1 Invocations


You had 9 spell levels left.
You didn't know any spells.

Dungeon Overview and Level Annotations

Branches:
Dungeon (1/1)

Altars:
Ashenzari
Cheibriados
Dithmenos
Elyvilon
Fedhas
Gozag
Kikubaaqudgha
Makhleb
Nemelex Xobeh
Okawaru
Qazlal
Ru
Sif Muna
Trog
Vehumet
Xom
Yredelemnul
Zin
The Shining One
Beogh
Jiyva
Lugonu


Innate Abilities, Weirdness & Mutations

You are tiny and cannot use many weapons and most armour.
You have supernaturally acute eyesight.
You are a herbivore.
You cover ground extremely quickly.
You need consume almost no food.


Message History

The hornet is severely wounded.
You feel sick. The hornet completely misses you.
You barely miss the hornet.
The hornet is severely wounded.
Your shadow misses the hornet.
You feel sick. The hornet stings you!
You are more poisoned.
You suddenly lose the ability to move!
The hornet stings you.
You are more poisoned.
You shrug off the repeated paralysis!
A two-headed ogre comes into view.
It is wielding a giant club and a giant spiked club.
You feel very sick. The hornet barely misses you.
You feel yourself speed up.
* * * LOW HITPOINT WARNING * * *
You feel very sick. The hornet stings you!
* * * LOW HITPOINT WARNING * * *
You are more poisoned.
You shrug off the repeated paralysis!
The hornet stings you!
You die...

))#####'#####''######
))##.......##''# ####
).##.......##..# ...
..##.......##..# #'#
'###...<...##..# ##.##
..##.......##.)# ##...##
..##.......##.)####Y..).# #
####.......##...##YYY...#YYY
..###########...@yYYY...'ogY
)############...##YYh...#..Y#
รท#....#..[[##..####Y.(.O##Y##
'#....#..[[##..# ##...##


go# .'....'...)##..# ##.## .o# '#....#..))##..# #'# .o .#....#..))##..# ..
################ ### You could see a hornet, 10 yaks, a two-headed ogre
(wandering) and a hound.

Vanquished Creatures
  Josephine (D)
  An elephant (D)
  A smoke demon (D)
  An efreet (D)
  A kobold demonologist (D)
  A komodo dragon (D)
  A giant leech (D)
  A vampire (D)
  Sigmund (D)
  5 wraiths (D)
  9 yaks (D)
  A hungry ghost (D)
  2 wolves (D)
  A sky beast (D)
  An orc warrior (D)
  An ogre (D)
  A giant frog (D)
  2 brain worms (D)
  An earth elemental (D)
  An iron imp (D)
  A hound (D)
  An orc priest (D)
  A gnoll (D)
  An ufetubus (D)
  An adder skeleton (D)
  4 orcs (D)
  A bat (D)
  A hobgoblin (D)
  3 quokkas (D)
  2 ball pythons (D)
  A giant gecko (D)
  A giant gecko zombie (D)
  A goblin (D)
  A kobold (D)
54 creatures vanquished.

Notes
Turn   | Place    | Note
--------------------------------------------------------------
     0 | D        | Kidiri the Spriggan Assassin began the quest for the Orb.
     0 | D        | Reached XP level 1. HP: 10/10 MP: 2/2
    17 | D        | Reached skill level 6 in Stealth
    34 | D        | Found a sacrificial altar of Ru.
    34 | D        | Found a basalt altar of Yredelemnul.
    34 | D        | Found a shadowy altar of Dithmenos.
    34 | D        | Found a deep blue altar of Sif Muna.
    34 | D        | Found a burning altar of Makhleb.
    34 | D        | Found a shimmering altar of Xom.
    34 | D        | Found an ancient bone altar of Kikubaaqudgha.
    34 | D        | Found a sparkling altar of Nemelex Xobeh.
    35 | D        | Found a glowing golden altar of the Shining One.
    35 | D        | Found a bloodstained altar of Trog.
    35 | D        | Found a shattered altar of Ashenzari.
    35 | D        | Found a white marble altar of Elyvilon.
    35 | D        | Found a snail-covered altar of Cheibriados.
    35 | D        | Found a blossoming altar of Fedhas.
    35 | D        | Found a radiant altar of Vehumet.
    35 | D        | Found a glowing silver altar of Zin.
    35 | D        | Found a corrupted altar of Lugonu.
    35 | D        | Found a viscous altar of Jiyva.
    35 | D        | Found a roughly hewn altar of Beogh.
    35 | D        | Found an iron altar of Okawaru.
    38 | D        | Became a worshipper of Dithmenos the Shadowed
    69 | D        | Found a stormy altar of Qazlal.
    70 | D        | Found an opulent altar of Gozag.
    84 | D        | Noticed a brain worm
    99 | D        | Reached skill level 1 in Short Blades
   121 | D        | Killed a brain worm
   121 | D        | Reached skill level 1 in Armour
   121 | D        | Reached skill level 5 in Dodging
   121 | D        | Reached skill level 8 in Stealth
   121 | D        | Reached XP level 2. HP: 8/16 MP: 3/3
   121 | D        | Reached XP level 3. HP: 10/20 MP: 4/4
   121 | D        | Reached XP level 4. HP: 12/24 MP: 5/5
   286 | D        | Noticed an iron imp
   363 | D        | Acquired Dithmenos's first power
   534 | D        | Killed an iron imp
   605 | D        | Noticed a giant frog
   620 | D        | Killed a giant frog
   620 | D        | Reached skill level 5 in Throwing
   620 | D        | Reached skill level 9 in Stealth
   620 | D        | Reached XP level 5. HP: 12/29 MP: 6/6
   636 | D        | Noticed a wolf
   643 | D        | Killed a wolf
   643 | D        | Reached skill level 5 in Short Blades
   643 | D        | Reached skill level 10 in Stealth
   643 | D        | Reached XP level 6. HP: 15/34 MP: 7/7
   818 | D        | Noticed Sigmund
   825 | D        | Killed Sigmund
   825 | D        | Acquired Dithmenos's second power
   825 | D        | Reached skill level 5 in Fighting
   825 | D        | Reached skill level 11 in Stealth
   831 | D        | Noticed a hungry ghost
   837 | D        | Killed a hungry ghost
   837 | D        | Reached XP level 7. HP: 36/39 MP: 8/8
   867 | D        | Noticed a brain worm
   869 | D        | Killed a brain worm
   869 | D        | Acquired Dithmenos's third power
   869 | D        | Reached skill level 10 in Dodging
   871 | D        | Noticed a smoke demon
   885 | D        | Killed a smoke demon
   885 | D        | Reached skill level 12 in Stealth
   933 | D        | Noticed a hound
   939 | D        | Killed a hound
   947 | D        | Noticed a yak
   947 | D        | Noticed a yak
   947 | D        | Noticed a yak
   947 | D        | Noticed a yak
   947 | D        | Noticed a yak
   947 | D        | Noticed a kobold demonologist
   982 | D        | Killed a yak
   982 | D        | Acquired Dithmenos's fourth power
   982 | D        | Reached skill level 1 in Invocations
   982 | D        | Reached XP level 8. HP: 27/45 MP: 9/9
   989 | D        | Killed a yak
   989 | D        | Reached skill level 13 in Stealth
   996 | D        | Killed a yak
  1010 | D        | Killed a yak
  1015 | D        | Killed a yak
  1212 | D        | Noticed a sixfirhy
  1213 | D        | Killed a kobold demonologist
  1338 | D        | Noticed a sky beast
  1343 | D        | Noticed an orc priest
  1343 | D        | Noticed a komodo dragon
  1345 | D        | Noticed a wraith
  1366 | D        | Killed a sky beast
  1366 | D        | Reached skill level 14 in Stealth
  1366 | D        | Reached XP level 9. HP: 50/50 MP: 12/12
  1377 | D        | Killed a komodo dragon
  1416 | D        | Noticed a yak
  1417 | D        | Noticed a wraith
  1424 | D        | Noticed a wraith
  1427 | D        | Noticed Josephine
  1427 | D        | Noticed a wraith
  1428 | D        | Noticed an earth elemental
  1447 | D        | Killed a wraith
  1447 | D        | Reached skill level 10 in Throwing
  1479 | D        | Killed a wraith
  1486 | D        | Killed a wraith
  1486 | D        | Reached skill level 10 in Short Blades
  1489 | D        | Killed a wraith
  1560 | D        | Killed an earth elemental
  1560 | D        | Reached skill level 5 in Armour
  1584 | D        | Noticed a wolf
  1609 | D        | Killed a wolf
  1625 | D        | Noticed a yak
  1625 | D        | Noticed an efreet
  1627 | D        | Noticed a yak
  1627 | D        | Noticed a yak
  1630 | D        | Noticed a wraith
  1715 | D        | Killed a wraith
  1715 | D        | Reached skill level 15 in Stealth
  1722 | D        | Killed Josephine
  1754 | D        | Noticed a vampire
  1765 | D        | Noticed an orc warrior
  1777 | D        | Killed a vampire
  1778 | D        | Noticed an orc knight
  1778 | D        | Noticed an elephant
  1790 | D        | Killed an orc priest
  1824 | D        | Killed a yak
  1832 | D        | Killed a yak
  1832 | D        | Reached XP level 10. HP: 28/57 MP: 14/14
  1842 | D        | Killed a yak
  2022 | D        | Killed an elephant
  2044 | D        | Noticed an ogre
  2051 | D        | Noticed a giant leech
  2059 | D        | Killed an orc warrior
  2059 | D        | Reached skill level 5 in Invocations
  2071 | D        | Noticed a yak
  2071 | D        | Noticed a yak
  2128 | D        | Killed an ogre
  2340 | D        | Killed a giant leech
  2498 | D        | Noticed a yak
  2499 | D        | Noticed a yak
  2499 | D        | Noticed a yak
  2500 | D        | Noticed an orc warrior
  2502 | D        | Noticed a hornet
  2510 | D        | Killed an efreet
  2510 | D        | Reached skill level 16 in Stealth
  2511 | D        | Noticed a vampire mage
  2511 | D        | Noticed a yak
  2511 | D        | Noticed an orc priest
  2511 | D        | Noticed an orc warrior
  2511 | D        | Noticed an orc warrior
  2512 | D        | Noticed a yak
  2517 | D        | Noticed a yak
  2745 | D        | Noticed a yak
  2747 | D        | Noticed a yak
  2755 | D        | Killed a yak
  2763 | D        | Paralysed by a hornet for 3 turns
  2764 | D        | Noticed a two-headed ogre
  2765 | D        | HP: 1/57 [hornet (15)]
  2765 | D        | Mangled by a hornet

Vault maps used:
D:        pitsprint

Action                   |  1- 3 |  4- 6 |  7- 9 | 10-12 || total
-------------------------+-------+-------+-------+-------++-------
Melee: Dagger            |     9 |    26 |   193 |    92 ||   320
       Rapier            |       |       |    22 |     2 ||    24
 Fire: Blowgun           |     4 |     9 |    19 |     8 ||    40
  Use: Potion            |       |       |     4 |     1 ||     5
 Stab: Sleeping          |     1 |     6 |     5 |       ||    12
       Distracted        |       |     1 |     2 |     2 ||     5
